 Dungeon Crawl Stone Soup version 0.29.1-15-g9cfb28693d (webtiles) character file.

Game seed: 2833720384430474175

47 hawla the Chiller (level 4, -1/33 HPs)
             Began as a Meteoran Ice Elementalist on Apr 23, 2023.
             Splashed by a jelly's acid (10 damage)
             ... on level 1 of the Dungeon.
             The game lasted 00:03:04 (332 turns).

hawla the Chiller (Meteoran Ice Elementalist)        Turns: 332, Time: 00:03:05

Health: -1/33      AC:  3    Str:  9    XL:     4   Next: 17%
Magic:  0/10       EV: 12    Int: 19    God:
Gold:   34         SH:  0    Dex: 14    Spells: 6/10 levels left

rFire   . . .      SeeInvis .   (no weapon)
rCold   . . .      Faith    .   (no shield)
rNeg    . . .      Spirit   .   a - +0 robe
rPois   .          Reflect  .   (no helmet)
rElec   .          Harm     .   (no cloak)
rCorr   .          Rampage  .   e - +0 pair of gloves
Will    .....                   (no boots)
Stlth   +.........              (no amulet)
HPRegen 0.11/turn               (no ring)
MPRegen 0.12/turn               (no ring)

@: glowing
A: sense surroundings 1, otherworldly, glowing, explore regen
a: no special abilities


You were on level 1 of the Dungeon.
You visited 1 branch of the dungeon, and saw 2 of its levels.

You collected 34 gold pieces.

Inventory:

Armour
 a - a +0 robe (worn)
 e - a +0 pair of gloves (worn)
Scrolls
 b - a scroll of blinking {unknown}
 c - a scroll of identify {unknown}
 d - 2 scrolls of amnesia {unknown}
Potions
 f - a potion of attraction {unknown}


   Skills:
 + Level 2.4 Dodging
 - Level 1.4 Stealth
 + Level 3.6 Spellcasting
 + Level 5.3 Ice Magic


You had 6 spell levels left.
You knew the following spells:

 Your Spells              Type           Power      Damage    Failure   Level
a - Freeze                Ice            92%        1d10      1%          1
b - Frozen Ramparts       Ice            46%        1d7       4%          3

Your spell library contained the following spells:

 Spells                   Type           Power      Damage    Failure   Level
 Ozocubu's Armour         Ice            23%        N/A       4%          3
 Magic Dart               Conj           12%        1d3       14%         1
 Call Imp                 Summ           3%         N/A       22%         2
 Mephitic Cloud           Conj/Pois/Air  3%         N/A       41%         3
 Hailstorm                Conj/Ice       13%        3d5       43%         4


Dungeon Overview and Level Annotations

Branches:
Dungeon (2/15) Zot: 867

Altars:


Innate Abilities, Weirdness & Mutations

You passively map a small area around you.
You are easily found by Zot.
You glow in the dark.
You regain HP and MP as you explore.


Message History

You kill the jackal!
The wall freezes the rat.
The wall freezes the giant cockroach.
Unknown command.
Casting: Freeze (safe; 1% risk of failure)
Confirm with . or Enter, or press ? or * to list all spells.
Aiming: Freeze (safe; 1% risk of failure)
Press: ? - help, Shift-Dir - straight line, f - rat
Aim: a rat (severely wounded)
You freeze the rat.
You kill the rat!
The wall freezes the jelly!
The wall freezes the giant cockroach.
You kill the giant cockroach!
You hit the jelly.
Your hands burn!
The jelly is heavily wounded.
The wall freezes the endoplasm.
The wall freezes the jelly.
The jelly hits you.
You are splashed with acid!
You hit the jelly.
Your hands burn!
The jelly is severely wounded.
The wall freezes the rat.
You kill the rat!
The wall freezes the endoplasm.
The wall freezes the rat but does no damage.
The wall freezes the jelly.
The jelly hits you.
You are splashed with acid!
You barely miss the jelly.
The jelly is severely wounded.
The frozen ramparts melt away.
The jelly closely misses you.
Unknown command.
The jelly closely misses you. The jelly attacks as you move away!
The jelly barely misses you.
Casting: Freeze (safe; 1% risk of failure)
Confirm with . or Enter, or press ? or * to list all spells.
Aiming: Freeze (safe; 1% risk of failure)
Press: ? - help, Shift-Dir - straight line, f - jelly
Aim: a jelly (severely wounded)
You freeze the jelly.
The jelly is almost dead.
The jelly hits you.
* * * LOW HITPOINT WARNING * * *
You are splashed with acid!
You die...

######.##########.#..........
#.................#..........
#.###############.#.########.
* #.#.............#.#.#
#.#.............#.#.#
##.#......r†.....#...######
.###..#######w#######.#.#....#
*
......#.....†.J.....#.#......#
*
###.#.+⌠....###J@..⌠+.###....#
..#.#.#......<......#.# #....#
....#.#..⌠...>...⌠..#.###....#
....).###'#######'###.##.....#
....#.................#..###.#
##..##########..........## ###
)...# ############ #...# #...#


You could see a worm, a jelly, an endoplasm and a rat.

Vanquished Creatures
  An adder (D:2)
  5 endoplasms
  6 giant cockroaches (D:1)
  2 goblins (D:1)
  A hobgoblin (D:1)
  3 jackals (D:1)
  A quokka (D:1)
  5 ball pythons (D:2)
  3 bats
  3 kobolds
  5 rats (D:1)
35 creatures vanquished.

Notes
Turn   | Place    | Note
-------+----------+-------------------------------------------
     0 | D:1      | hawla the Meteoran Ice Elementalist began the quest for the
                  | Orb.
     0 | D:1      | Reached XP level 1. HP: 14/14 MP: 5/5
     2 | D:1      | Found a runed translucent door.
     5 | D:1      | Noticed a jelly
    49 | D:1      | Reached XP level 2. HP: 12/20 MP: 1/6
   116 | D:1      | Reached skill level 5 in Ice Magic
   120 | D:1      | You fall into a shaft and drop 1 floor!
   128 | D:2      | Reached XP level 3. HP: 25/26 MP: 3/8
   132 | D:2      | Learned a level 3 spell: Frozen Ramparts
   138 | D:2      | Found a faded altar of an unknown god.
   323 | D:1      | Reached XP level 4. HP: 32/33 MP: 3/10
   332 | D:1      | Splashed by a jelly's acid

Illustrated notes

Levels and vault maps discovered:
D:1:      dpeg_arrival_caged_fury, layout_basic, minmay_indecisive_spiral
D:2:      layout_rooms, ebering_ecumenical_altar_hall, minmay_shallow_snake_nest

Skill      XL: |  1  2 |
---------------+-------+-----
Ice Magic      | 5 |  5.3
Spellcasting   | 3 |  3.6
Dodging        | |  2.4
Stealth        | |  1.4

Action                   |  1- 3 |  4- 6 || total
-------------------------+-------+-------++-------
Melee: Unarmed           |     3 |     3 ||     6
 Cast: Freeze            |    30 |     4 ||    34
       Frozen Ramparts   |     2 |       ||     2
  Use: Potion            |     1 |       ||     1
Armor: Robe              |     8 |       ||     8
Dodge: Dodged            |    18 |     3 ||    21
